 Dungeon Crawl Stone Soup version 0.16-a0-1120-gd281f79 (webtiles) character file.

80 Ololoev the Chiller (level 4, -5/27 HPs)
             Began as an Octopode Ice Elementalist on Oct 6, 2014.
             Slain by an orc
             ... wielding a +0 flail
              (9 damage)
             ... on level 3 of the Dungeon.
             The game lasted 00:06:27 (2599 turns).

Ololoev the Chiller (Octopode Ice Elementalist)     Turns: 2599, Time: 00:06:28

Health: -5/27      AC:  1    Str:  7    XL:     4   Next: 39%
Magic:  2/8        EV: 12    Int: 18    God:
Gold:   117        SH:  0    Dex: 12    Spells: 3 memorised, 1 level left

rFire  . . .     SeeInvis .     p - +1 dagger (venom)
rCold  . . .     Clarity  .     (no shield)
rNeg   . . .     SustAb   .     (helmet restricted)
rPois  .         Gourm    .     (no amulet)
rElec  .         Spirit   .     (no ring)
rCorr  .         Warding  .     (no ring)
rMut   .         Stasis   .     (no ring)
MR     .....                    (no ring)
Stlth  +++.......               (no ring)
                                (no ring)
                                (no ring)
                                (no ring)

@: not resistant to hostile enchantments, fairly stealthy
A: almost no armour, amphibious, 8 rings, constrict 8, camouflage 1, gelatinous
body 1
a: no special abilities


You were on level 3 of the Dungeon.
You were hungry.

You visited 1 branch of the dungeon, and saw 3 of its levels.

You collected 117 gold pieces.

Inventory:

Hand weapons
 p - a +1 dagger of venom (weapon)
Comestibles
 c - a bread ration
 f - 2 meat rations
 g - 3 fruits
 l - 2 beef jerkies
Scrolls
 h - a scroll of identify {unknown}
 n - 3 scrolls of teleportation
Potions
 a - a potion of flight {unknown}
 d - 3 potions of curing {unknown}
 e - a potion of might {unknown}
 i - 2 potions of heal wounds {unknown}
 j - a potion of cure mutation {unknown}
 k - 4 potions of agility {unknown}
 o - 2 potions of invisibility {unknown}
Books
 b - a book of Frost

   Spells                             Type                      Level
   *Freeze                            Ice                          1
   *Throw Frost                       Conjuration/Ice              2
   Ozocubu's Armour                   Charms/Ice                   3
   *Throw Icicle                      Conjuration/Ice              4
   Summon Ice Beast                   Ice/Summoning                4
   Condensation Shield                Ice                          4


   Skills:
 - Level 2.0 Dodging
 - Level 2.6 Stealth
 + Level 2.9 Spellcasting
 * Level 2.1 Conjurations
 + Level 3.9 Ice Magic


You had one spell level left.
You knew the following spells:

 Your Spells              Type           Power        Failure   Level  Hunger
a - Freeze                Ice            ###.         3%          1    None
b - Throw Frost           Conj/Ice       ##....       10%         2    ##.....
c - Throw Icicle          Conj/Ice       ##......     54%         4    ####...


Dungeon Overview and Level Annotations

Branches:
Dungeon (3/15)

Altars:
Xom


Innate Abilities, Weirdness & Mutations

You cannot wear most types of armour.
You are amphibious.
You can wear up to eight rings at the same time.
You can use your tentacles to constrict many enemies at once.
Your skin changes colour to match your surroundings (Stealth).
Your rubbery body absorbs attacks (AC +1).


Message History

The orc barely misses you.
The orc wizard hits you but does no damage.
You hit the orc wizard.
The orc wizard is poisoned.
The orc wizard is moderately wounded.
You constrict the orc wizard, but do no damage.
The orc hits you with a hand axe. The orc misses you.
The orc closely misses you. The orc wizard barely misses you.
Casting: Throw Frost
Confirm with . or Enter, or press ? or * to list all spells.
Aiming: Freeze
Press: ? - help, Shift-Dir - straight line, f/p - orc wizard
Aim: an orc wizard, wielding a dagger and wearing a robe (heavily wounded, constricted by you, fast, poisoned)
You freeze the orc wizard.
The orc wizard is severely wounded.
You constrict the orc wizard. The orc wizard hits you with a dagger.
* * * LOW HITPOINT WARNING * * *
The orc misses you. The orc hits you with a club.
* * * LOW HITPOINT WARNING * * *
The orc hits you with a flail!
You die...

##.#.).....#.#..#.
#..#.#.....#.#...#
#..#......##...#..
#..##.....###...#.
####...............%.
#...............<...#
..##.(..............#
##ooS..............
#o@o..........#>)..
#....................
#.##..........# #....
.$ ......^^... .. ...
...##..^_^. .
...####.^.^ ### ...


You could see an orc wizard, an adder and 3 orcs.

Vanquished Creatures
  A giant mite (D:1)
  A giant gecko (D:3)
  4 orcs (D:3)
  A ball python (D:2)
  2 giant cockroaches (D:2)
  10 hobgoblins
  A quokka (D:2)
  6 bats
  5 giant newts
  6 goblins
  14 jackals
  6 kobolds
  8 rats
65 creatures vanquished.

Notes
Turn   | Place    | Note
--------------------------------------------------------------
     0 | D:1      | Ololoev, the Octopode Ice Elementalist, began the quest for the Orb.
     0 | D:1      | Reached XP level 1. HP: 11/11 MP: 3/3
   329 | D:1      | Reached XP level 2. HP: 12/17 MP: 1/4
   432 | D:1      | Learned a level 2 spell: Throw Frost
  1158 | D:1      | Reached XP level 3. HP: 21/21 MP: 4/6
  2270 | D:2      | Reached XP level 4. HP: 27/27 MP: 8/8
  2276 | D:2      | Learned a level 4 spell: Throw Icicle
  2588 | D:3      | Found a shimmering altar of Xom.
  2599 | D:3      | Slain by an orc

Action                   |  1- 3 |  4- 6 || total
-------------------------+-------+-------++-------
Melee: Unarmed           |    74 |       ||    74
       Dagger            |    31 |    34 ||    65
 Cast: Freeze            |    10 |     1 ||    11
       Throw Frost       |     2 |     3 ||     5
  Use: Scroll            |     3 |       ||     3
 Stab: Sleeping          |     8 |     4 ||    12
       Distracted        |     1 |       ||     1
  Eat: Chunk             |     4 |     1 ||     5
